 Dungeon Crawl Stone Soup version 0.18-a0-1730-g73f0523 (webtiles) character file.

98 M4edhros the Sneak (level 4, -3/28 HPs)
             Began as an Octopode Artificer on Apr 10, 2016.
             Slain by an ogre
             ... wielding a +0 giant spiked club
              (14 damage)
             ... on level 3 of the Dungeon.
             The game lasted 00:01:45 (1484 turns).

M4edhros the Sneak (Octopode Artificer)             Turns: 1484, Time: 00:01:46

Health: -3/28      AC:  1    Str: 10    XL:     4   Next: 71%
Magic:  6/6        EV: 12    Int: 14    God:
Gold:   57         SH:  0    Dex: 13    Spells: 0 memorised, 3 levels left

rFire  . . .     SeeInvis .     a - +0 short sword
rCold  . . .     Gourm    .     (no shield)
rNeg   . . .     Faith    .     (helmet restricted)
rPois  .         Spirit   .     (no amulet)
rElec  .         Dismiss  .     (no ring)
rCorr  .         Reflect  .     (no ring)
SustAt .         Harm     .     (no ring)
MR     .....                    (no ring)
Stlth  +++++.....               (no ring)
                                (no ring)
                                (no ring)
                                (no ring)

@: not resistant to hostile enchantments, quite stealthy
A: almost no armour, amphibious, 8 rings, constrict 8, camouflage 1, gelatinous
body 1
a: no special abilities


You were on level 3 of the Dungeon.
You were hungry.

You visited 1 branch of the dungeon, and saw 3 of its levels.

You collected 57 gold pieces.

Inventory:

Hand Weapons
 a - a +0 short sword (weapon)
Missiles
 k - 12 sling bullets of flame
Wands
 b - a wand of flame (15/48)
 c - a wand of enslavement (15/24)
 d - a wand of random effects (14/48)
Scrolls
 e - a scroll of identify {unknown}
 g - a scroll of remove curse {unknown}
 j - a scroll of enchant armour {unknown}
Comestibles
 f - a bread ration
 h - 2 beef jerkies
 i - a meat ration


   Skills:
 - Level 1.0 Fighting
 - Level 1.0 Short Blades
 - Level 2.0 Dodging
 + Level 6.3 Stealth
 - Level 3.2 Evocations


You had 3 spell levels left.
You didn't know any spells.

Dungeon Overview and Level Annotations

Branches:
Dungeon (3/15)

Altars:


Innate Abilities, Weirdness & Mutations

You cannot wear most types of armour.
You are amphibious.
You can wear up to eight rings at the same time.
You can use your tentacles to constrict eight enemies at once.
Your skin changes colour to match your surroundings (Stealth).
Your rubbery body absorbs attacks (AC +1).


Message History

A rat comes into view.
Found a bread ration.
An ogre comes into view. It is wielding a giant spiked club.
Found a bread ration.
The helpless rat fails to defend itself.
You puncture the rat!
You kill the rat!
The ogre shouts!
The ogre barely misses you.
You barely miss the ogre.
The ogre hits you with a giant spiked club!
Ouch! That really hurt!
Evoke which item? (* to show all) (? for menu, Esc to quit)
Zapping:
d - a wand of random effects (15/48)
Press: ? - help, Shift-Dir - straight line, f - ogre
Aim: an ogre, wielding a giant spiked club The ogre is blasted.
This wand has 14 charges left.
The ogre hits you with a giant spiked club!
Ouch! That really hurt!
You die...

...%.. #.#..#
#.#..# #
#.#..#.#
#.###%...#.#
#..........#
#.###.....)#
#.....O.#.##
#.##.#@##.#
#.###.#.#
##.#.##.# #
#.#.#.#
#.###.....###
#...........+
###.....####
#.##.##
#)####


You could see an ogre.

Vanquished Creatures
  Ijyb (D:3)
  Robin (D:2)
  An adder (D:2)
  A gnoll (D:1)
  A giant gecko (D:1)
  6 bats
  A giant cockroach (D:1)
  12 goblins
  9 hobgoblins
  2 giant newts
  2 kobolds (D:1)
  6 rats
43 creatures vanquished.

Vanquished Creatures (others)
  A bat (D:3)
1 creature vanquished.

Grand Total: 44 creatures vanquished

Notes
Turn   | Place    | Note
--------------------------------------------------------------
     0 | D:1      | M4edhros the Octopode Artificer began the quest for the Orb.
     0 | D:1      | Reached XP level 1. HP: 13/13 MP: 3/3
    94 | D:1      | Reached skill level 2 in Stealth
   154 | D:1      | Reached skill level 3 in Stealth
   154 | D:1      | Reached XP level 2. HP: 14/18 MP: 4/4
   373 | D:1      | Reached skill level 4 in Stealth
   480 | D:1      | Reached XP level 3. HP: 23/23 MP: 5/5
   889 | D:2      | Reached skill level 5 in Stealth
   978 | D:2      | Noticed Robin
   991 | D:2      | Killed Robin
   991 | D:2      | Reached XP level 4. HP: 12/28 MP: 6/6
  1432 | D:3      | Noticed Ijyb
  1441 | D:3      | Killed Ijyb
  1441 | D:3      | Reached skill level 6 in Stealth
  1475 | D:3      | Noticed an ogre
  1484 | D:3      | Slain by an ogre

Vault maps used:
D:1:      minmay_arrival_widening_spiral_wide
D:2:      hex_tiny, uniq_robin
D:3:      grunt_temple_overflow_lords_of_destruction, marbit_many_paths,
          elyvilon_altar_4, first_bread, uniq_iyjb

Skill      XL: |  1  2  3  4 |
---------------+-------------+-----
Stealth        | 3 4 5 6 |  6.3
Fighting       | |  1.0
Short Blades   | |  1.0
Dodging        | |  2.0
Evocations     | |  3.2

Action                   |  1- 3 |  4- 6 || total
-------------------------+-------+-------++-------
Melee: Short sword       |    61 |    27 ||    88
Evoke: Wand              |       |     1 ||     1
  Use: Potion            |     3 |       ||     3
 Stab: Sleeping          |     7 |     1 ||     8
       Distracted        |     1 |       ||     1
  Eat: Chunk             |     1 |     1 ||     2
